[Event "FIDE World School-ch O-13 2025"]
[Site "Vrnjacka Banja"]
[Date "2025.03.26"]
[Round "7.1"]
[White "Yurasov, Matfey"]
[Black "Samarth Sreeni Warrier"]
[Result "1-0"]
[Annotator "TA"]
[ECO "E04"]
[WhiteElo "2271"]
[BlackElo "1913"]
[PlyCount "139"]
[EventDate "2025.03.19"]
[EventType "swiss"]
[EventCountry "SRB"]
[SourceTitle "playchess.com"]
[Source "ChessBase"]
[SourceQuality "1"]
[TimeControl "5400+30"]

1. Nf3 Nf6 2. g3 d5 3. Bg2 c5 4. O-O Nc6 5. d4 e6 6. c4 dxc4 7. Ne5 Bd7 8. Na3 cxd4 9. Naxc4 Rc8 10. Qb3 Nxe5 11. Nxe5 Bd6 {[%emt 0:01:18] E04: Open Catalan: 5 Nf3.} 12. Bf4 (12. Nxd7 {simplifies} Qxd7 13. Rd1 Be5 14. Qxb7 Qxb7 15. Bxb7 Rc7 16. Ba6) 12... Bc6 {[%emt 0:03:08] Threatens to win with ...Bxg2.} 13. Rfd1 Bxg2 {[%emt 0:26:23] The position is equal.} 14. Kxg2 {[%emt 0:00:15] A sharp opening} Bxe5 $146 (14... O-O $1 $11 {remains equal.} 15. Rxd4 Nd5) (14... O-O 15. Rxd4 Nd5 16. Rad1 Qc7 17. Nd3 Qc6 18. e4 Nxf4+ 19. gxf4 b5 20. Nb4 Bxb4 21. Qxb4 h6 22. R1d3 Qc1 23. Rd2 a6 24. a4 bxa4 {½-½ Hamilton,D (2006)-Biedermann,K (1981) W-ch WS/H/281 email 2011}) 15. Bxe5 $16 Qd5+ 16. Qxd5 exd5 17. Bxd4 {[%emt 0:09:28] White is more active.} O-O 18. Rac1 ({Resist} 18. Bxa7 Rc2 $14) (18. Bxf6 gxf6 19. Rac1 (19. Rxd5 Rc2 $14) 19... Rc6 $16) 18... a6 19. f3 Rfe8 20. Kf2 Nd7 21. b3 f5 22. Bb2 Nb6 23. a4 a5 (23... g6 $16 24. a5 Nd7 25. Rxd5 Rxc1 26. Bxc1 Nb8) 24. Bc3 $18 Rc5 25. Bd4 Rxc1 26. Rxc1 Rc8 27. Rxc8+ Nxc8 {[%emt 0:01:05][%mdl 4096] Endgame KB-KN} 28. Bc3 b6 $2 {[%emt 0:02:55] [#]} (28... Ne7 29. Bxa5 d4) 29. Ke3 Kf7 30. Kf4 Ke6 (30... Ne7 $142 31. Ke5 h5) 31. Bxg7 Nd6 32. Bd4 b5 33. axb5 Nxb5 34. Ke3 Nd6 35. Bc5 {[%emt 0:00:21] [#] Strongly threatening Bxd6.} Nb7 36. Ba3 Ke5 37. Bb2+ Ke6 38. Kd4 {[%emt 0:00:08] Prevents Nc5.} Kd6 39. Ba3+ Ke6 40. e3 h5 41. Bf8 Kf7 42. Bh6 Ke6 43. Bf4 Nd6 (43... Nd8 $18 44. Kc5 Nb7+ 45. Kb6 Nd8 46. Kxa5 d4 47. exd4 Nc6+ 48. Ka6 Nxd4) 44. Bxd6 {[%emt 0:00:53] White mates.} Kxd6 {[%emt 0:00:01] KP-KP. White is a pawn up.} 45. h3 Ke6 46. g4 hxg4 47. hxg4 fxg4 48. fxg4 {[%emt 0:00:00] K3P-KPP. White is a pawn up.} Kd6 49. g5 Ke6 50. g6 Kf6 51. Kxd5 Kxg6 {[%emt 0:00:03] KPP-KP. White is a pawn up.} 52. Ke6 Kg5 53. e4 Kf4 54. Kd5 Ke3 55. e5 Kd3 56. e6 Kc3 57. e7 Kxb3 58. e8=Q a4 59. Qb5+ Kc3 60. Qxa4 Kd3 61. Qb3+ Kd2 62. Kd4 Ke2 63. Qc2+ Kf3 64. Qe4+ Kf2 65. Ke5 Kg3 66. Kf5 Kf2 67. Kg4 Kg1 68. Qc2 Kf1 69. Kf3 Kg1 70. Qg2# {[%emt 0:00:00] White took control after the opening.   Weighted Error Value: White=0.04 (flawless) /Black=0.29 (precise)   Mistake:       	---       	Black=5      Inaccurate:     	---       	Black=3      OK:         	White=21    	Black=12     Best:        	White=3     	Black=2} 1-0

[Event "FIDE World School-ch O-13 2025"]
[Site "Vrnjacka Banja"]
[Date "2025.03.26"]
[Round "7.2"]
[White "Obidov, Biloliddin"]
[Black "Kudrin, Ivan"]
[Result "1/2-1/2"]
[Annotator "NA RC"]
[ECO "C65"]
[WhiteElo "2020"]
[BlackElo "1977"]
[PlyCount "160"]
[EventDate "2025.03.19"]
[EventType "swiss"]
[EventCountry "SRB"]
[SourceTitle "playchess.com"]
[Source "ChessBase"]
[SourceQuality "1"]
[TimeControl "5400+30"]

1. e4 e5 2. Nf3 Nc6 3. Bb5 Nf6 4. d3 Ne7 5. O-O Ng6 6. d4 c6 7. Bd3 d6 8. h3 Be7 9. Re1 O-O 10. Nbd2 Re8 11. Nf1 Bf8 12. Ng3 h6 13. c3 Be6 14. a4 a5 15. Bd2 Qc7 16. b4 axb4 17. cxb4 exd4 18. Nxd4 Bd7 19. Nh5 Be7 20. Nf4 Ne5 21. Bf1 Qb8 22. Bc3 Bd8 23. a5 b6 24. Nf3 Bc7 25. Nxe5 dxe5 26. Nh5 Nxh5 27. Qxd7 Re6 28. a6 b5 29. Red1 Nf6 30. Qd3 Qb6 31. Bd2 Rxa6 32. Be3 Qb7 33. Rac1 Ra8 34. Qc2 Bb6 35. Bxb6 Qxb6 36. Rd2 Kh7 37. Rcd1 Qc7 38. Bxb5 Rb8 39. Bc4 Re7 40. Rb1 Rd7 41. Rxd7 Qxd7 42. Qb3 Kg8 43. f3 Nh5 44. b5 cxb5 45. Bxb5 Qd4+ 46. Kh2 Qd2 47. Qd3 Qf4+ 48. Kh1 Qg5 49. Bc4 Rd8 50. Bd5 Nf4 51. Qc2 h5 52. Rd1 h4 53. Rd2 Rf8 54. Ba2 Nh5 55. Rd7 Ng3+ 56. Kg1 Qe3+ 57. Kh2 g6 58. Rd1 Kg7 59. Qd3 Qf4 60. Kg1 Ra8 61. Qd2 Qf6 62. Bd5 Ra3 63. Rb1 Qe7 64. Kh2 Qa7 65. Qg5 Rxf3 66. Qxe5+ Kh7 67. Qg5 Nf1+ 68. Kh1 Qf2 69. Qg4 Rf4 70. Qd1 Ng3+ 71. Kh2 Ne2 72. Qe1 Qe3 73. Rb3 Qc1 74. Qxe2 Rf1 75. Qxf1 Qxf1 76. Rf3 Qa1 77. Rxf7+ Kh6 78. Rf3 Qe1 79. Rb3 Kg5 80. Rf3 Qd2 1/2-1/2

[Event "FIDE World School-ch O-13 2025"]
[Site "Vrnjacka Banja"]
[Date "2025.03.26"]
[Round "7.3"]
[White "Kuntelia, Luka"]
[Black "Zharas, Aldiyar"]
[Result "0-1"]
[Annotator "NA RC"]
[ECO "B30"]
[WhiteElo "1895"]
[BlackElo "1924"]
[PlyCount "68"]
[EventDate "2025.03.19"]
[EventType "swiss"]
[EventCountry "SRB"]
[SourceTitle "playchess.com"]
[Source "ChessBase"]
[SourceQuality "1"]
[TimeControl "5400+30"]

1. e4 c5 2. Nf3 Nc6 3. Bb5 e6 4. O-O Nge7 5. Re1 Nd4 6. Nxd4 cxd4 7. c3 a6 8. Bd3 Nc6 9. b4 Be7 10. Bb2 Bf6 11. Qe2 Qc7 12. a4 dxc3 13. dxc3 b6 14. Na3 Ne5 15. Nc4 Bb7 16. Nxe5 Bxe5 17. h3 O-O 18. c4 d6 19. a5 bxa5 20. Rxa5 Qb6 21. Qd2 Bxb2 22. Qxb2 Rfb8 23. Qc3 Bc8 24. Rb1 e5 25. Rd5 Be6 26. c5 dxc5 27. bxc5 Qc7 28. Rxb8+ Qxb8 29. Rxe5 a5 30. c6 Qc7 31. Rb5 a4 32. Rb7 Qc8 33. Bc4 Qxc6 34. Rxf7 Kxf7 0-1

[Event "FIDE World School-ch O-13 2025"]
[Site "Vrnjacka Banja"]
[Date "2025.03.26"]
[Round "7.4"]
[White "Haresh, Venkata Narayanaswam"]
[Black "Wijerathna, Vinuka Dihain"]
[Result "1/2-1/2"]
[Annotator "TA"]
[ECO "C78"]
[WhiteElo "1824"]
[BlackElo "2117"]
[PlyCount "128"]
[EventDate "2025.03.19"]
[EventType "swiss"]
[EventCountry "SRB"]
[SourceTitle "playchess.com"]
[Source "ChessBase"]
[SourceQuality "1"]
[TimeControl "5400+30"]

1. e4 e5 2. Nf3 Nc6 3. Bb5 a6 4. Ba4 Nf6 5. O-O b5 6. Bb3 Bb7 7. c3 Nxe4 8. Re1 Nc5 {[%emt 0:00:04] 8...d5 is more advanced technology.} 9. Bc2 {[%emt 0:07:30] C78: Ruy Lopez: Archangelsk and Möller Defences.} Ne6 10. Nxe5 (10. d4 $1 $11 exd4 11. cxd4) 10... Nxe5 $17 11. Rxe5 {[%emt 0:00:14] Black is better.} Bd6 12. Re3 $146 ({Predecessor:} 12. Re1 Qh4 13. g3 Qh3 14. Be4 Bxe4 15. Rxe4 h5 16. Qf3 Rd8 17. Rh4 Ng5 18. Qe3+ {1-0 Kamsky,G (2616)-Khoroshev,N (2352) Titled Tuesday intern op 19th Mar Early blitz 2024 (6)}) 12... Qf6 (12... Qg5 $17 13. Be4 Bxe4 14. Rxe4 Qg6) 13. d4 $11 Bf4 {[%emt 0:04:12] A sharp opening} 14. Re1 {[%emt 0:07:10] Bxf4 would now be deadly.} O-O 15. Bxf4 (15. Nd2 $11) 15... Nxf4 $17 16. Be4 d5 (16... Bxe4 $17 17. Rxe4 Rae8) 17. Bc2 (17. Bf3 Rae8 18. Rxe8 Rxe8 19. Na3) 17... Rae8 18. Nd2 Qg5 (18... Bc8 $11 19. Qf3 Qg5) 19. g3 $1 $14 Bc8 20. Nf3 Nh3+ 21. Kg2 Qf6 22. Qd2 (22. Re5 {keeps more tension.} Bg4 23. Qd3 Qh6 24. Rxe8 Rxe8 25. Ne5) 22... Bg4 23. Re3 Ng5 (23... Qh6 $5) 24. Nxg5 Qxg5 25. h3 Bd7 (25... Rxe3 26. Qxe3 Qxe3 27. fxe3 $17) 26. Rae1 g6 27. Qd1 Qf6 28. R1e2 Kg7 29. Qe1 Rxe3 30. Rxe3 Qd6 31. b4 Ra8 32. Bd3 Be6 33. f4 a5 34. a3 axb4 35. axb4 Qc6 36. g4 Bd7 37. Re7 Kf8 (37... Ra2+ 38. Re2 Rxe2+ 39. Bxe2 Qe6) 38. f5 {[%emt 0:02:00][%cal Of5f6] Prevents Be6} (38. Re2 {simplifies} Ra3 39. Rc2 h6 40. Qc1) 38... Ra2+ {[%emt 0:01:51] Counterplay White} 39. Kf3 gxf5 40. Bxf5 Bxf5 41. gxf5 $11 {[%emt 0:00:12][%mdl 4096] Endgame KQR-KQR} Ra3 (41... Rh2 $11) 42. Re3 (42. Kg4 $1 $14 h5+ 43. Kxh5 Rxc3 44. Qe5) 42... Qd7 ({Better is} 42... h5 $11) 43. Kf4 Qd6+ 44. Kg4 Ra8 {[%emt 0:00:33] Against Re8+} 45. Qh4 (45. Re5 $16) 45... Kg7 $2 (45... Ra1 $1 $11) 46. Qg5+ $18 Kh8 47. f6 Qd7+ {[%emt 0:00:00] [#]} 48. Kf3 $2 (48. Kh5 Rg8 49. Qf4 Qc8 $14) (48. Kh4 $1 $18 Rg8 49. Re7) 48... Rg8 $15 {[%emt 0:00:18] Against Qg7+} ({But not} 48... Qxh3+ 49. Kf4 Qf1+ 50. Kg3 Qg1+ (50... Rg8 51. Qxg8+ Kxg8 52. Re8#) 51. Kh4 Qh1+ 52. Rh3 Qe1+ 53. Rg3 Qh1+ 54. Rh3 Qe1+ 55. Qg3 Qe4+ 56. Qg4 $11) 49. Qh5 Rg6 $36 {[%emt 0:01:03][%mdl 2048] Black has some pressure.} 50. Ke2 Rxf6 51. Qe5 Qd6 52. Rf3 (52. Qxd6 $15 Rxd6 53. Kf3) 52... Qxe5+ $17 53. dxe5 {[%emt 0:00:05] KR-KR. Black is a pawn up.} Re6 (53... Rxf3 $17 {and life is bright.} 54. Kxf3 Kg7) 54. Rxf7 $16 Rxe5+ {[%emt 0:00:07] [#]} 55. Kd3 {[%emt 0:00:19] White is more active.} (55. Kd2 $1 $16) 55... Rh5 56. Rxc7 Rxh3+ 57. Kd4 h5 58. Kxd5 h4 {[%emt 0:00:26] The position is equal.} 59. Ke4 Rg3 {[%emt 0:00:18] And now ...h3 would win.} 60. Kf4 Kg8 61. Rc5 Kf7 62. Rxb5 Rxc3 63. Kg4 Rc4+ 64. Kh3 Ke7 {[%emt 0:00:05] Weighted Error Value: White=0.20 (precise) /Black=0.19 (very precise)   Loses game:     	---       	Black=1      Missed win:     	White=1     	---        Mistake:       	White=6     	Black=6      Inaccurate:     	White=5     	Black=2      OK:         	White=17    	Black=20     Best:        	White=7     	Black=6      Strong:       	White=1     	---} 1/2-1/2

[Event "FIDE World School-ch O-13 2025"]
[Site "Vrnjacka Banja"]
[Date "2025.03.26"]
[Round "7.5"]
[White "Sukhanov, Nikita"]
[Black "Rusu, Lucas"]
[Result "0-1"]
[Annotator "NA RC"]
[ECO "B44"]
[WhiteElo "1764"]
[BlackElo "2049"]
[PlyCount "128"]
[EventDate "2025.03.19"]
[EventType "swiss"]
[EventCountry "SRB"]
[SourceTitle "playchess.com"]
[Source "ChessBase"]
[SourceQuality "1"]
[TimeControl "5400+30"]

1. e4 c5 2. Nf3 e6 3. d4 cxd4 4. Nxd4 Nc6 5. Nb5 d6 6. c4 a6 7. N5c3 Nf6 8. Be2 Be7 9. O-O O-O 10. Bf4 b6 11. Re1 Bb7 12. Nd2 Qc7 13. Rc1 Ne5 14. b4 Rfd8 15. h3 Rac8 16. Bf1 Qb8 17. a3 Bc6 18. Qb3 Ng6 19. Be3 Qb7 20. b5 axb5 21. cxb5 Be8 22. Nc4 Nd7 23. Na4 Nc5 24. Bxc5 bxc5 25. Na5 Qa8 26. Nc4 Rb8 27. Nd2 Ne5 28. Nc3 Nc6 29. Nf3 Bf6 30. a4 Na5 31. Qa2 d5 32. exd5 exd5 33. Rxe8+ Rxe8 34. Nxd5 Bd8 35. Rxc5 Rc8 36. Rxc8 Qxc8 37. Ne3 Qe6 38. Qc2 Bb6 39. Ng4 Rc8 40. Qd3 Rd8 41. Qc2 Rc8 42. Qd3 Rd8 43. Qc2 f6 44. Bd3 h5 45. Bf5 Qc4 46. Qxc4+ Nxc4 47. Nxf6+ gxf6 48. Be6+ Kf8 49. Bxc4 Rd1+ 50. Kh2 Ra1 51. Bb3 Ra3 52. Bd5 Bxf2 53. Bc6 h4 54. b6 Bg3+ 55. Kh1 Ra1+ 56. Ng1 Bf2 57. b7 Rxg1+ 58. Kh2 Rb1 59. g4 hxg3+ 60. Kg2 Rb3 61. h4 Ba7 62. Bf3 Bb8 63. a5 Ra3 64. h5 Kg7 0-1

[Event "FIDE World School-ch O-13 2025"]
[Site "Vrnjacka Banja"]
[Date "2025.03.26"]
[Round "7.6"]
[White "Ilcic, Aleksa"]
[Black "Petroff, Vlad"]
[Result "1-0"]
[Annotator "NA RC"]
[ECO "B12"]
[WhiteElo "1822"]
[BlackElo "2030"]
[PlyCount "79"]
[EventDate "2025.03.19"]
[EventType "swiss"]
[EventCountry "SRB"]
[SourceTitle "playchess.com"]
[Source "ChessBase"]
[SourceQuality "1"]
[TimeControl "5400+30"]

1. e4 c6 2. d4 d5 3. e5 c5 4. dxc5 e6 5. Qg4 Nc6 6. Nf3 Nge7 7. Nc3 Ng6 8. Qg3 Bxc5 9. h4 h5 10. Bd3 Nce7 11. Bg5 Qb6 12. O-O Bd7 13. Rab1 Qc7 14. Ne2 O-O 15. b4 Bb6 16. Bxe7 Nxe7 17. Qg5 f6 18. Qxh5 Nf5 19. Bxf5 exf5 20. exf6 Rxf6 21. Ng5 Rh6 22. Qf7+ Kh8 23. g3 Re8 24. Nf4 Bb5 25. Rfe1 Rc8 26. Rbc1 a6 27. Re7 Qc3 28. Kg2 Qf6 29. Rce1 Rf8 30. Qxf6 Rhxf6 31. h5 Bd8 32. Rxb7 d4 33. Ra7 Kg8 34. Nge6 Re8 35. Rxg7+ Kh8 36. Ng6+ Rxg6 37. hxg6 Bc6+ 38. f3 Rxe6 39. Rh7+ Kg8 40. Rxe6 1-0

[Event "FIDE World School-ch O-13 2025"]
[Site "Vrnjacka Banja"]
[Date "2025.03.26"]
[Round "7.7"]
[White "Yang, Maxwell"]
[Black "Jayasooriya, Ruvin Sandharu"]
[Result "1-0"]
[Annotator "NA RC"]
[ECO "A72"]
[WhiteElo "1970"]
[BlackElo "1830"]
[PlyCount "117"]
[EventDate "2025.03.19"]
[EventType "swiss"]
[EventCountry "SRB"]
[SourceTitle "playchess.com"]
[Source "ChessBase"]
[SourceQuality "1"]
[TimeControl "5400+30"]

1. d4 Nf6 2. c4 c5 3. d5 e6 4. Nc3 exd5 5. cxd5 d6 6. Nf3 g6 7. Nd2 Bg7 8. e4 O-O 9. Be2 a6 10. a4 Nbd7 11. Nc4 Qe7 12. f3 Nh5 13. Be3 f5 14. exf5 gxf5 15. O-O Rb8 16. Bf2 Nf4 17. Qd2 Bh6 18. Be3 Nxe2+ 19. Qxe2 Bxe3+ 20. Qxe3 Qxe3+ 21. Nxe3 b5 22. axb5 axb5 23. f4 b4 24. Ncd1 Nb6 25. Rf2 Bb7 26. Rd2 Ra8 27. Rxa8 Bxa8 28. b3 Kg7 29. Nb2 Kf6 30. Kf2 Re8 31. Nbc4 Nxc4 32. Nxc4 Re4 33. g3 Rd4 34. Rxd4 cxd4 35. Ke2 Bxd5 36. Kd3 Be6 37. Kxd4 Kg6 38. Nxd6 Bxb3 39. Kc5 Bd1 40. Kxb4 h5 41. h4 Kf6 42. Kc5 Bg4 43. Nb5 Ke6 44. Nd4+ Kf6 45. Kd6 Bh3 46. Ne2 Bg4 47. Nc3 Bf3 48. Nd5+ Kf7 49. Ke5 Bg4 50. Ne3 Bh3 51. Nxf5 Kg6 52. Ne3 Kh6 53. Kf6 Bd7 54. Nf5+ Kh7 55. Kg5 Be8 56. Nd6 Bc6 57. Kxh5 Bf3+ 58. Kg5 Kg7 59. Nf5+ 1-0

[Event "FIDE World School-ch O-13 2025"]
[Site "Vrnjacka Banja"]
[Date "2025.03.26"]
[Round "7.8"]
[White "Simiyu Jadon"]
[Black "Ritesh Maddukuri"]
[Result "1/2-1/2"]
[Annotator "NA RC"]
[ECO "C04"]
[WhiteElo "1937"]
[BlackElo "1773"]
[PlyCount "50"]
[EventDate "2025.03.19"]
[EventType "swiss"]
[EventCountry "SRB"]
[SourceTitle "playchess.com"]
[Source "ChessBase"]
[SourceQuality "1"]
[TimeControl "5400+30"]

1. e4 e6 2. d4 d5 3. Nd2 Nc6 4. Ngf3 Nf6 5. e5 Nd7 6. Nb3 a5 7. a4 Be7 8. c3 f6 9. exf6 Bxf6 10. Be2 O-O 11. O-O e5 12. dxe5 Ndxe5 13. Nxe5 Nxe5 14. Nd4 c6 15. h3 Qc7 16. Qc2 Bd7 17. b3 Nf7 18. f4 Nd6 19. Bd3 Bxd4+ 20. cxd4 Bf5 21. Ba3 Rf7 22. Bxd6 Bxd3 23. Qxd3 Qxd6 24. g3 Re8 25. Rae1 Ree7 1/2-1/2